 Dungeon Crawl Stone Soup version 0.29.1-15-g9cfb28693d (webtiles) character file.

Game seed: 12498462741261997333

32 MisterFreud the Trooper (level 3, -4/36 HPs)
             Began as a Minotaur Delver on Apr 24, 2023.
             Splashed by a jelly's acid (12 damage)
             ... on level 4 of the Dungeon.
             The game lasted 00:00:35 (98 turns).

MisterFreud the Trooper (Minotaur Delver)             Turns: 98, Time: 00:00:36

Health: -4/36      AC: -1    Str: 18    XL:     3   Next: 10%
Magic:  2/2        EV: 11    Int:  7    God:
Gold:   0          SH:  0    Dex: 11    Spells: 2/2 levels left

rFire   . . .      SeeInvis .   a - +0 falchion
rCold   . . .      Faith    .   (no shield)
rNeg    . . .      Spirit   .   b - +0 leather armour
rPois   .          Reflect  .   (helmet restricted)
rElec   .          Harm     .   (no cloak)
rCorr   .          Rampage  .   (no gloves)
Will    .....                   (no boots)
Stlth   ++........              (no amulet)
HPRegen 0.12/turn               (no ring)
MPRegen 0.08/turn               (no ring)

@: corroded
A: horns 2, retaliatory headbutt
a: no special abilities


You were on level 4 of the Dungeon.
You visited 1 branch of the dungeon, and saw 3 of its levels.

Inventory:

Hand Weapons
 a - a +0 falchion (weapon)
Armour
 b - a +0 leather armour (worn)
Jewellery
 i - a ring of wizardry
Wands
 g - a wand of digging (3)
Scrolls
 c - a scroll of fog
 d - a scroll of magic mapping
 e - a scroll of fear
Potions
 f - a potion of haste
 h - a potion of curing {unknown}
 j - a potion of heal wounds {unknown}


   Skills:
 * Level 5.2 Fighting
 - Level 2.4 Long Blades
 - Level 2.1 Dodging
 - Level 4.1 Stealth


You had 2 spell levels left.
You didn't know any spells.
Your spell library was empty.

Dungeon Overview and Level Annotations

Branches:
Dungeon (6/15)
 Temple: D:4-7

Altars:
Gozag
Trog

Annotations:
D:4 1 runed translucent door, diceflayer's ghost, amateur DsHu


Innate Abilities, Weirdness & Mutations

You have a pair of horns on your head.
You reflexively headbutt those who attack you in melee.


Message History

You have reached level 2!
You have reached level 3!
Your experience leads to an increase in your attributes!
Increase (S)trength, (I)ntelligence, or (D)exterity?
You feel stronger. x2
There is a stone staircase leading up here.
You climb upwards.
You hear the hiss of flowing sand.
There is an entrance to an ossuary on this level.
Hurry and find it before the portal is buried!
There is a stone staircase leading down here.
Unknown command.
There is a stone staircase leading down here.
A hobgoblin comes into view.
Found a scroll labelled ROAS FAKOUSCH.
Found a runed translucent door.
The hobgoblin hits you.
You hit the hobgoblin but do no damage.
You headbutt the hobgoblin, but do no damage.
The hobgoblin barely misses you.
The hobgoblin hits you but does no damage.
You hit the hobgoblin. Your headbutt misses the hobgoblin.
The hobgoblin is lightly wounded.
The bullfrog croaks.
The hobgoblin hits you.
The ball python hisses angrily.
You hit the hobgoblin but do no damage. You headbutt the hobgoblin.
You kill the hobgoblin!
No reachable target in view!
A jelly comes into view.
The jelly quivers.
The jelly hits you.
You are splashed with acid.
You hit the jelly.
Your hands burn!
The jelly is lightly wounded.
The jelly hits you.
You are splashed with acid!
You hit the jelly.
Your hands burn!
* * * LOW HITPOINT WARNING * * *
The jelly is moderately wounded.
The jelly hits you.
* * * LOW HITPOINT WARNING * * *
The acid corrodes you!
You are splashed with acid!
You die...

#.# #.# .....####.## .
#.# .?... .... .. #.#
...# #..# ... #.# #..#
#..# .... #.# #..# #..#
..... #.#####..####..#
###...###...............
......J@................
#.........#.###..######.
#..########## #..# #. #
#...# #. ~+...# #.
W~~#...# #. #####..# #.
#..# #. #.


You could see a jelly.

Vanquished Creatures
  A hound (D:5)
  A hobgoblin (D:4)
2 creatures vanquished.

Notes
Turn   | Place    | Note
-------+----------+-------------------------------------------
     0 | D:5      | MisterFreud the Minotaur Delver began the quest for the
                  | Orb.
     0 | D:5      | Reached XP level 1. HP: 19/19 MP: 0/0
    13 | D:5      | Found a bloodstained altar of Trog.
    15 | D:5      | Found an opulent altar of Gozag.
    48 | D:5      | Noticed a hound
    56 | D:5      | Killed a hound
    57 | D:5      | Reached skill level 5 in Fighting
    57 | D:5      | Reached XP level 2. HP: 28/29 MP: 1/1
    57 | D:5      | Reached XP level 3. HP: 34/36 MP: 2/2
    82 | D:4      | Found a runed translucent door.
    84 | D:4      | Noticed a bullfrog
    86 | D:4      | Noticed diceflayer's ghost (amateur DsHu)
    98 | D:4      | Splashed by a jelly's acid

Illustrated notes

Levels and vault maps discovered:
D:4:      layout_basic, nicolae_overflow_hidden_temple,
          minmay_temple_entry_statues, lightli_ossuary_entry_decrepit_ruins,
          ebering_ghost_sewer_f, minmay_misc_feat_cross,
          nicolae_underground_beach
D:5:      layout_loops_cross, mainiacjoe_overflow_catwalk_spiral,
          minmay_misc_feat_rows, st_stairs_5, uniq_duvessa, uniq_sigmund
D:6:      layout_loops_corners, mainiacjoe_overflow_surrounded_room

Skill      XL: |  1 |
---------------+----+-----
Fighting       | 5 |  5.2
Long Blades    | |  2.4
Dodging        | |  2.1
Stealth        | |  4.1

Action                   || total
-------------------------++-------
Melee: Falchion          ||     8
       Headbutt          ||     3
 Stab: Sleeping          ||     1
Armor: Leather armour    ||     1
Dodge: Dodged            ||     3
